 Dungeon Crawl Stone Soup version 0.26-a0-1205-g4083c211ab (webtiles) character file.

Game seed: 5206801853788877170

714 KristoblXynda the Slasher (level 7, -7/60 HPs)
             Began as a Red Draconian Gladiator on Dec 29, 2020.
             Mangled by an orc warrior
             ... wielding a cursed -1 trident
              (14 damage)
             ... on level 4 of the Dungeon.
             The game lasted 00:06:28 (4555 turns).

KristoblXynda the Slasher (Red Draconian Gladiator) Turns: 4555, Time: 00:06:29

Health: -7/60      AC:  7    Str: 17    XL:     7   Next: 41%
Magic:  0/7        EV: 14    Int: 10    God:
Gold:   131        SH:  0    Dex: 12    Spells: 6/6 levels left

rFire    + . .     SeeInvis .   q - +1 dagger (venom)
rCold    . . .     Faith    .   (no shield)
rNeg     . . .     Spirit   +   (armour unavailable)
rPois    .         Reflect  .   b - +0 hat
rElec    .         Harm     .   (no cloak)
rCorr    .         Rampage  .   (no gloves)
Will     .....                  n - +0 pair of boots
Stlth    +.........             s - amulet of guardian spirit
HPRegen  0.20/turn              (no ring)
MPRegen  0.10/turn              (no ring)

@: short of breath
A: breathe fire, unfitting armour, fire resistance 1, cold-blooded, AC +6
a: Breathe Fire


You were on level 4 of the Dungeon.
You visited 1 branch of the dungeon, and saw 4 of its levels.

You collected 131 gold pieces.

Inventory:

Hand Weapons
 a - a +0 long sword
 q - a +1 dagger of venom (weapon)
Missiles
 c - 3 throwing nets (quivered)
Armour
 b - a +0 hat (worn)
 n - a +0 pair of boots (worn)
Jewellery
 s - an amulet of guardian spirit (around neck)
Scrolls
 e - 3 scrolls of remove curse {unknown}
 g - 2 scrolls of identify
 i - a scroll of enchant weapon {unknown}
 k - 3 scrolls of enchant armour {unknown}
 o - 2 scrolls of teleportation {unknown}
 r - a scroll of blinking {unknown}
 u - a scroll of amnesia {unknown}
Potions
 d - a potion of haste {unknown}
 f - a potion of magic
 h - a potion of flight
 j - 2 potions of curing
 l - a potion of cancellation
 m - a potion of degeneration {unknown}
 p - a potion of lignification {unknown}
 t - a potion of attraction {unknown}


   Skills:
 + Level 4.9 Fighting
 * Level 6.4 Long Blades
 - Level 2.1 Throwing
 + Level 4.5 Dodging


You had 6 spell levels left.
You didn't know any spells.
Your spell library was empty.

Dungeon Overview and Level Annotations

Branches:
Dungeon (4/15)
 Temple: D:4-7

Altars:
Cheibriados


Innate Abilities, Weirdness & Mutations

You can breathe blasts of fire.
Your fiery red scales are hard. (AC +6)
You cannot fit into any form of body armour.
Your flesh is heat resistant. (rF+)
You are cold-blooded and may be slowed by cold attacks.


Message History

You hit the orc but do no damage.
The orc is poisoned.
You feel sick. The orc barely misses you.
The orc warrior hits you from afar with a cursed -1 trident!
* * * LOW HITPOINT WARNING * * *
You hit the orc but do no damage.
The orc looks as sick as possible!
Your tail-slap misses the orc.
* * * LOW HITPOINT WARNING * * *
You feel sick.
An orc comes into view. It is wielding a -1 whip.
The orc barely misses you.
The orc warrior hits you from afar with a cursed -1 trident.
* * * LOW HITPOINT WARNING * * *
You feel better.
The orc hits you with a +1 short sword of venom.
* * * LOW HITPOINT WARNING * * *
You hit the orc.
The orc is poisoned.
You tail-slap the orc.
The orc is almost dead.
The orc wizard looks satisfied for a moment.
The orc warrior hits you from afar with a cursed -1 trident!
You die...

.# ### ..# ... ..
#.#o. ####o#.
#....o # #.##o#
#§##)##@#
#.$[[o.o# ...
##.#.##.# ....
#.#.##.##....
#.#..#.#....
#.##.#...... .≈
#.......# .≈≈
#.......# ..≈
#.##....####.#≈≈≈≈


You could see an orc warrior, 2 orc wizards and 3 orcs.

Vanquished Creatures
  3 ogres (D:4)
  A gnoll sergeant (D:4)
  An iguana (D:4)
  2 orc wizards (D:4)
  2 worker ants (D:4)
  4 gnolls (D:4)
  8 adders
  2 oozes
  An adder skeleton (D:4)
  2 worms (D:3)
  6 dart slugs
  8 leopard geckos
  6 orcs (D:4)
  13 bats
  5 giant cockroaches
  14 goblins
  8 hobgoblins
  16 jackals
  13 kobolds
  2 quokkas (D:3)
  A ball python (D:2)
  2 frilled lizards
  7 rats
127 creatures vanquished.

Vanquished Creatures (others)
  13 plants
13 creatures vanquished.

Grand Total: 140 creatures vanquished

Notes
Turn   | Place    | Note
-------+----------+-------------------------------------------
     0 | D:1      | KristoblXynda the Draconian Gladiator began the quest for
                  | the Orb.
     0 | D:1      | Reached XP level 1. HP: 17/17 MP: 1/1
   307 | D:1      | Reached XP level 2. HP: 24/25 MP: 2/2
   541 | D:1      | Reached XP level 3. HP: 29/30 MP: 3/3
  1144 | D:2      | Reached XP level 4. HP: 35/38 MP: 4/4
  1570 | D:2      | Reached skill level 4 in Long Blades
  1985 | D:3      | Noticed a torpor snail
  1986 | D:3      | Found a snail-covered altar of Cheibriados.
  1988 | D:3      | Noticed a torpor snail
  2032 | D:3      | Noticed a torpor snail
  2321 | D:3      | Reached XP level 5. HP: 32/45 MP: 5/5
  3031 | D:4      | Noticed an ogre
  3055 | D:4      | Killed an ogre
  3056 | D:4      | Reached skill level 5 in Long Blades
  3056 | D:4      | Reached XP level 6. HP: 47/52 MP: 6/6
  4292 | D:4      | Reached skill level 6 in Long Blades
  4292 | D:4      | Your scales start taking on a fiery red colour.
  4292 | D:4      | Reached XP level 7. HP: 57/60 MP: 4/7
  4292 | D:4      | Gained mutation: Your flesh is heat resistant. (rF+) [Red
                  | Draconian growth]
  4553 | D:4      | HP: 3/60 [poisoned by an orc]
  4553 | D:4      | HP: 1/60 [orc warrior/cursed -1 trident (2)]
  4555 | D:4      | Mangled by an orc warrior

Illustrated notes

Levels and vault maps discovered:
D:1:      saegor_arrival_simple_d, layout_basic, minmay_tree_intersection
D:2:      layout_basic, lexackson_kobold_supper
D:3:      layout_loops_ring, cheibriados_altar_2
D:4:      layout_loops_cross, serial_shops, nicolae_shop_waterfront,
          serial_forest, infiniplex_forest_corner_2,
          infiniplex_forest_clump_small, infiniplex_forest_lined_room_2,
          infiniplex_forest_lined_4_way, infiniplex_forest_clump_long,
          infiniplex_forest_lined_corner, infiniplex_forest_lined_3,
          nicolae_zen_rock_garden, minmay_misc_feat_tiny

Skill      XL: |  1  2  3  4  5  6 |
---------------+-------------------+-----
Throwing       | 2 |  2.1
Dodging        | 3 4 |  4.5
Fighting       | 3 4 |  4.9
Long Blades    | 4 5 6 |  6.4

Action                   |  1- 3 |  4- 6 |  7- 9 || total
-------------------------+-------+-------+-------++-------
Melee: Long sword        |    99 |    86 |       ||   185
       Tailslap          |    13 |    40 |     5 ||    58
       Dagger            |       |   262 |    22 ||   284
 Abil: Breathe Fire      |       |       |     1 ||     1
  Use: Scroll            |       |     4 |       ||     4
       Potion            |       |       |     1 ||     1
 Stab: Sleeping          |       |     1 |       ||     1
       Distracted        |       |     1 |       ||     1
Armor: Skin              |    48 |    92 |     5 ||   145
Dodge: Dodged            |    96 |   225 |    13 ||   334
       Rpst.: Long sword |    26 |    10 |       ||    36

Table legend: (Time is in decaauts)
 A = Elapsed time spent in this place.
 B = Non-inter-level travel time spent in this place.
 C = Inter-level travel time spent in this place.
 D = Time resting spent in this place.
 E = Time spent auto-exploring this place.
 F = Levels seen in this place.
 G = Mean time per level.
                   A        B        C        D        E       F      G
               +--------+--------+--------+--------+--------+-----+--------+
         Total |   4553 |   4504 |     49 |    702 |   2788 |   4 | 1138.2 |
       Dungeon |   4553 |   4504 |     49 |    702 |   2788 |   4 | 1138.2 |
               +--------+--------+--------+--------+--------+-----+--------+

Top non-repeatable levels by time:
     D:4: 1381 daAuts
     D:3: 1163 daAuts
     D:2: 1018 daAuts
     D:1: 989 daAuts
